 Dungeon Sprint DCSS version 0.31-a0-408-gb642c7f9a3 (webtiles) character file.

Game seed: 12651642685857710904

1381 shakesphere1979 the Protected (level 8, -6/82 HPs)
             Began as an Armataur Fighter on July 29, 2023.
             Killed from afar by a deep elf pyromancer (16 damage)
             ... with a bolt of fire
             ... in the Dungeon (Sprint V: "Ziggurat Sprint").
             The game lasted 00:09:10 (370 turns).

shakesphere1979 the Protected (Armataur Fighter)     Turns: 370, Time: 00:09:10

Health: -6/82      AC: 22    Str: 30    XL:     8   Next: 39%
Magic:  8/8        EV:  3    Int:  9    God:
Gold:   0          SH: 15    Dex: 15    Spells: 7/7 levels left

rFire   . . .        D - +5 demon whip
rCold   . . .        E - +3 kite shield
rNeg    . . .        F - +5 crystal plate armour
rPois   .            (no helmet)
rElec   .            (no cloak)
rCorr   .            (no gloves)
SInv    .            (no barding)
Will    .....        (no amulet)
Stlth   x              - +6 ring of strength
HPRegen 0.33/turn    u - +6 ring of dexterity
MPRegen 0.11/turn

%: no teleportation, roll
@: mighty, invisible
A: large, rugged brown scales 3, deformed body, armoured tail, roll, long
tongue, awkward tongue
a: no special abilities


You were in the Dungeon.
You visited 1 branch

Inventory:

Hand Weapons
 C - a +5 great mace
 D - a +5 demon whip (weapon)
Armour
 E - a +3 kite shield (worn)
 F - a +5 crystal plate armour (worn)
Jewellery
 a - the ring "Wen Bive" {rElec rPois}
   (You found it in the Dungeon)

   [ring of poison resistance]

   rElec:     It insulates you from electricity.
   rPois:     It protects you from poison.
 s - a ring of flight
 t - a +6 ring of dexterity
 u - a +6 ring of dexterity (right hand)
 v - a +6 ring of intelligence
 w - a +6 ring of intelligence
 x - a +6 ring of strength (left hand)
 y - a +6 ring of strength
Wands
 b - a wand of paralysis (5)
 z - a wand of mindburst (6)
 A - a wand of iceblast (11)
 B - a wand of acid (4)
Scrolls
 j - 4 scrolls of blinking
 o - 4 scrolls of amnesia
 p - 7 scrolls of fog
 q - 5 scrolls of identify
 r - 2 scrolls of fear
Potions
 d - 5 potions of might
 e - 10 potions of curing
 f - 5 potions of heal wounds
 g - 6 potions of haste
 h - 7 potions of magic
 i - 3 potions of berserk rage
 k - 2 potions of brilliance
 l - a potion of invisibility
 m - 4 potions of resistance
 n - a potion of experience


   Skills:
 + Level 8.8 Fighting
 + Level 7.1 Maces & Flails
 + Level 11.6 Armour
 + Level 10.7 Shields
 + Level 6.5 Evocations


You had 7 spell levels left.
You didn't know any spells.
Your spell library contained the following spells:

 Spells                   Type           Power      Damage    Failure   Level
 Vhi's Electric Charge    Tloc/Air       0%         N/A       100%        3
 Arcjolt                  Conj/Air       0%         1d10      100%        5
 Maxwell's Capacitive Co  Air            0%         ∞         100%        8


Dungeon Overview and Level Annotations

Branches:
Dungeon (1/1)

Altars:
Ashenzari
Cheibriados
Dithmenos
Elyvilon
Fedhas
Gozag
Hepliaklqana
Kikubaaqudgha
Makhleb
Nemelex Xobeh
Okawaru
Qazlal
Ru
Sif Muna
Trog
Uskayaw
Vehumet
Wu Jian
Xom
Yredelemnul
Zin
The Shining One
Jiyva
Lugonu

Annotations:
D 1 transporter


Innate Abilities, Weirdness & Mutations

You are completely covered in rugged brown scales. (AC +3, +7% HP)
Armour fits poorly on your strangely shaped body.
You have a long armoured tail.
You roll when moving toward enemies. (Rampage)
Your long tongue fully drains potion bottles. (2x potion effects)
Your tongue gives you trouble enunciating. (1.5x scroll delay)


Message History

You feel much better.
You slurp down every last drop of the potion of heal wounds!
You block the fire elemental's attack. x3
The earth elemental hits you but does no damage.
The fire elemental barely misses you.
Unknown command.
You catch the helpless fire elemental completely off-guard!
You thrash the fire elemental!!
The fire elemental is severely damaged.
You block the fire elemental's attack. The fire elemental hits you.
The fire elemental burns you! The fire elemental barely misses you.
The fire elemental hits you. The fire elemental burns you!
You barely miss the fire elemental.
The fire elemental is severely damaged.
The fire elemental is no longer covered in acid.
The fire elemental hits you. The fire elemental burns you!
The deep elf pyromancer mumbles some strange words.
The deep elf pyromancer blinks!
You block the fire elemental's attack. x2
The earth elemental hits you. You block the fire elemental's attack.
You miss the fire elemental.
The fire elemental is severely damaged.
The fire elemental is no longer covered in acid.
You block the fire elemental's attack. x2
The deep elf pyromancer points at you and mumbles some strange words.
The bolt of fire hits the earth elemental.
The earth elemental completely resists.
The bolt of fire hits you but does no damage.
The fire elemental hits you. The fire elemental burns you!
You barely miss the fire elemental.
The fire elemental is severely damaged.
You block the fire elemental's attack. The fire elemental hits you.
The fire elemental burns you! The fire elemental hits you.
The fire elemental burns you! The earth elemental hits you!
* * * LOW HITPOINT WARNING * * *
The fire elemental hits you. The fire elemental burns you!
* * * LOW HITPOINT WARNING * * *
The deep elf pyromancer points at you and mumbles some strange words.
The bolt of fire hits the earth elemental.
The earth elemental completely resists.
The bolt of fire hits you!
You die...

▓..©..▓..©..▓▓▓▓▓▓▓
▓▓▓▓▓▓▓▓▓▓▓▓▓▓▓▓▓▓▓
▓..8©8...▓..8©8...▓
▓..).)...▓..)!)e..▓
▓...)....▓..|.:...▓
▓........▓..e.....▓
▓........▓..§.....▓
▓........▓EEEE....▓
▓...©....▓E@EE....▓
▓▓▓▓▓▓▓▓▓▓▓▓▓▓▓▓▓▓▓


You could see an earth elemental (wandering, unable to see you), 2 deep elf
pyromancers and 6 fire elementals.

Vanquished Creatures
  A dancing weapon (D)
  A deep elf pyromancer (D)
  A naga (D)
  A wolf (D)
  2 scorpions (D)
  A crimson imp (D)
  2 adders (D)
  A river rat (D)
  2 white imps (D)
  An ufetubus (D)
  A ball python (D)
  A jackal (D)
15 creatures vanquished.

Notes
Turn   | Place    | Note
-------+----------+-------------------------------------------
     0 | D        | shakesphere1979 the Armataur Fighter began the quest for
                  | the Orb.
     0 | D        | Reached XP level 1. HP: 19/19 MP: 1/1
     0 | D        | Found a shimmering blue altar of Sif Muna.
     0 | D        | Found a bloodstained altar of Trog.
     0 | D        | Found a sacrificial altar of Ru.
     0 | D        | Found a stormy altar of Qazlal.
     0 | D        | Found an iron altar of Okawaru.
     1 | D        | Found a sparkling altar of Nemelex Xobeh.
     1 | D        | Found a blossoming altar of Fedhas.
     1 | D        | Found the +6 Majin-Bo {spellvamp, MP+6 Int+6}
     1 | D        | Found the +27 heavy crossbow "Sniper" {heavy, Acc+∞ SInv}
     1 | D        | Found the +10 dark maul {heavy}
     1 | D        | Found the +15 Maxwell's patent armour {-Cast -Tele rElec
                  | Will+ rCorr}
     1 | D        | Found the +18 shield of the Gong {Loud rN+ Will+ rCorr
                  | EV-5}
     1 | D        | Found the +16 obsidian axe {drain, demonic, Mesm Drain Fly
                  | SInv}
     1 | D        | Found the +7 great mace "Firestarter" {flame, immolate,
                  | rFlCloud rF++}
     1 | D        | Found the +6 shillelagh "Devastator" {shatter}
     1 | D        | Found the +11 plutonium sword {Contam Stlth-}
     1 | D        | Found the +8 lance "Wyrmbane" {slay drac, rPois rF+ rC+
                  | AC+3}
     1 | D        | Found the +9 sword of Zonguldrok {reap}
     1 | D        | Found the +13 scythe of Curses {drain, curses, Drain}
     1 | D        | Found the +9 sword of Power {lifebolt}
     1 | D        | Found the +7 mace of Variability {chaos, chaos arc}
     1 | D        | Found the +11 Singing Sword {sonic wave}
     1 | D        | Found the +8 storm bow {elec, penet}
     4 | D        | Found an ancient bone altar of Kikubaaqudgha.
     4 | D        | Found a transporter.
     4 | D        | Found a corrupted altar of Lugonu.
     4 | D        | Found a viscous altar of Jiyva.
     4 | D        | Found a burning altar of Makhleb.
     4 | D        | Found a hazy altar of Hepliaklqana.
     4 | D        | Found an opulent altar of Gozag.
   139 | D        | Entered arena 2.
   139 | D        | Noticed a scorpion
   139 | D        | Noticed a scorpion
   139 | D        | Found a transporter.
   144 | D        | Killed a scorpion
   145 | D        | Reached skill level 6 in Armour
   145 | D        | Reached skill level 5 in Shields
   145 | D        | Reached XP level 2. HP: 27/29 MP: 2/2
   145 | D        | Reached XP level 3. HP: 34/36 MP: 3/3
   149 | D        | Killed a scorpion
   150 | D        | Reached skill level 5 in Fighting
   150 | D        | Reached skill level 7 in Armour
   150 | D        | Reached XP level 4. HP: 43/44 MP: 4/4
   159 | D        | Entered arena 3.
   159 | D        | Noticed a wolf
   159 | D        | Found a transporter.
   165 | D        | Killed a wolf
   166 | D        | Reached skill level 8 in Armour
   166 | D        | Reached XP level 5. HP: 43/53 MP: 5/5
   179 | D        | Got the ring "Wen Bive" {rElec rPois}
   218 | D        | Entered arena 4.
   218 | D        | Noticed a naga
   218 | D        | Found a transporter.
   225 | D        | Killed a naga
   226 | D        | Reached skill level 9 in Armour
   226 | D        | Reached XP level 6. HP: 36/62 MP: 6/6
   318 | D        | Entered arena 5.
   318 | D        | Found a transporter.
   347 | D        | Entered arena 6.
   347 | D        | Noticed a deep elf pyromancer
   347 | D        | Noticed a deep elf pyromancer
   347 | D        | Noticed a +1 heavy dire flail
   347 | D        | Noticed a deep elf pyromancer
   347 | D        | Found a transporter.
   349 | D        | Noticed a fire elemental
   349 | D        | Noticed a fire elemental
   352 | D        | Noticed a fire elemental
   354 | D        | Killed a deep elf pyromancer
   354 | D        | Killed a +1 heavy dire flail
   355 | D        | Reached skill level 11 in Armour
   355 | D        | Reached skill level 10 in Shields
   355 | D        | Reached XP level 7. HP: 37/73 MP: 7/7
   355 | D        | Reached XP level 8. HP: 42/82 MP: 8/8
   364 | D        | HP: 3/82 [fire elemental[a deep elf pyromancer] (4)]
   370 | D        | Killed from afar by a deep elf pyromancer

Illustrated notes

Levels and vault maps discovered:
D:        sprint_v [room_start, room_1, room_2, room_3, room_4, room_5, room_6,
          room_7, room_8, room_9, room_10, room_11, room_12, room_13, room_14,
          room_15, room_16, room_17, room_18, room_19, room_20, room_21,
          room_22, room_23, room_24, room_25, room_26, room_27]

Skill      XL: |  1  2  3  4  5  6 |
---------------+-------------------+-----
Fighting       | 4 5 6 8 |  8.8
Maces & Flails | 2 3 4 7 |  7.1
Armour         | 6 7 8 9 11 | 11.6
Shields        | 5 6 7 8 10 | 10.7
Evocations     | 2 6 |  6.5

Action                     |  1- 3 |  4- 6 |  7- 9 || total
---------------------------+-------+-------+-------++-------
  Melee: Demon whip        |    10 |    25 |     8 ||    43
         Tailslap          |     1 |     2 |       ||     3
  Evoke: Wand              |       |     5 |     1 ||     6
    Use: Potion            |       |       |     7 ||     7
   Stab: Invisible         |       |       |     1 ||     1
 Armour: Crystal plate arm |     5 |    20 |    40 ||    65
  Dodge: Dodged            |     2 |     6 |     7 ||    15
  Block: Kite shield       |     8 |    18 |    29 ||    55

Table legend: (Time is in decaauts)
 A = Elapsed time spent in this place.
 B = Non-inter-level travel time spent in this place.
 C = Inter-level travel time spent in this place.
 D = Time resting spent in this place.
 E = Time spent auto-exploring this place.
 F = Levels seen in this place.
 G = Mean time per level.
                   A        B        C        D        E       F      G
               +--------+--------+--------+--------+--------+-----+--------+
         Total |    367 |    367 |      0 |      0 |     71 |   1 |  367.0 |
       Dungeon |    367 |    367 |      0 |      0 |     71 |   1 |  367.0 |
               +--------+--------+--------+--------+--------+-----+--------+

Top non-repeatable levels by time:
       D: 367 daAuts
